 Dungeon Crawl Stone Soup version 0.23-a0-275-g0cf4261 (webtiles) character file.

9750 MisterFreud the Grappler (level 11, -14/94 HPs)
             Began as a Troll Monk on Oct 2, 2018.
             Was a High Priest of Qazlal.
             Killed from afar by a deep elf mage (28 damage)
             ... with a bolt of magma
             ... on level 10 of the Dungeon.
             The game lasted 00:22:51 (8566 turns).

MisterFreud the Grappler (Troll Monk)               Turns: 8566, Time: 00:22:52

Health: -14/94     AC: 15    Str: 24    XL:     11   Next: 27%
Magic:  16/16      EV: 12    Int:  8    God:    Qazlal [*****.]
Gold:   624        SH:  6    Dex: 15    Spells: 10/10 levels left

rFire    . . .     SeeInvis .     - Unarmed
rCold    . . .     Gourm    +   (no shield)
rNeg     . . .     Faith    .   z - +0 acid dragon scales
rPois    .         Spirit   .   (helmet restricted)
rElec    .         Reflect  .   o - +2 cloak
rCorr    +         Harm     .   (gloves unavailable)
MR       .....                  (boots unavailable)
Stlth    +.........             q - amulet of rage
HPRegen  0.65/turn              e - +2 ring of intelligence
MPRegen  0.15/turn              E - +3 ring of strength

@: protected from physical damage, very slightly contaminated, slowed,
invisible, repel missiles, very slow
A: large, unfitting armour, claws 3, fast metabolism 3, gourmand, regeneration
1, shaggy fur 1, tough skin 2
a: Upheaval, Elemental Force, Disaster Area, Renounce Religion, Evoke Berserk
Rage


You were on level 10 of the Dungeon.
You worshipped Qazlal.
Qazlal was extremely pleased with you.
You were very full.

You visited 3 branches of the dungeon, and saw 12 of its levels.

You collected 624 gold pieces.

Inventory:

Missiles
 f - 270 stones (quivered)
 n - 30 sling bullets
Armour
 a - a +0 robe
 o - a +2 cloak (worn)
 z - +0 acid dragon scales (worn)
Jewellery
 e - a +2 ring of intelligence (left claw)
 k - an uncursed ring of flight
 q - an amulet of rage (around neck)
 E - a +3 ring of strength (right claw)
Wands
 c - a wand of polymorph (21)
 r - a wand of digging (9)
 y - a wand of flame (30)
 C - a wand of random effects (30)
Scrolls
 d - 6 scrolls of remove curse
 g - 4 scrolls of fog
 h - 2 scrolls of noise {unknown}
 i - 2 scrolls of magic mapping {unknown}
 j - a scroll of immolation {unknown}
 l - a scroll of enchant armour {unknown}
 m - a scroll of fear {unknown}
 s - 3 scrolls of teleportation
 u - a scroll of silence
 B - a scroll of summoning {unknown}
Potions
 p - a potion of heal wounds
 t - a potion of curing
 v - 4 potions of haste
 w - a potion of might
 x - a potion of lignification
 A - a potion of invisibility
 D - a potion of flight
 G - a potion of agility
Comestibles
 b - 24 rations


   Skills:
 - Level 2.4 Fighting
 * Level 4.8 Dodging
 - Level 1.0 Stealth
 + Level 12.4 Unarmed Combat
 - Level 8.0 Invocations
 - Level 6.0 Evocations


You had 10 spell levels left.
You didn't know any spells.
Your spell library contained the following spells:

 Spells                   Type           Power        Failure   Level  Hunger
 Animate Skeleton         Necr           N/A          50%         1    ##.....


Dungeon Overview and Level Annotations

Branches:
Dungeon (10/15)            Temple (1/1) D:4            Lair (1/6) D:8
    Orc (0/2) D:10

Altars:
Ashenzari
Dithmenos
Elyvilon
Fedhas
Gozag
Kikubaaqudgha
Makhleb
Nemelex Xobeh
Okawaru
Qazlal
Ru
Sif Muna
Trog
Uskayaw
Vehumet
Wu Jian
Xom
Yredelemnul
Zin
The Shining One


Innate Abilities, Weirdness & Mutations

You are too large for most types of armour.
You have claws for hands.
Your metabolism is lightning-fast.
You like to eat raw meat.
Your natural rate of healing is unusually fast.
You are covered in fur. (AC +1)
You have very tough skin. (AC +2)


Message History

The floor.
Unknown command.
You fade into invisibility!
The howler monkey hits you but does no damage.
The deep elf mage closely misses you.
The howler monkey hoots and howls with incredible vigour!
The sphinx mumbles some strange words.
The sphinx is healed somewhat.
The deep elf mage hits you but does no damage.
You are very lightly contaminated with residual magic.
The deep elf mage gestures at you while chanting.
The bolt of magma misses you. The howler monkey barely misses you.
The howler monkey closely misses you.
The sphinx is no longer moving quickly.
The deep elf mage points at you and mumbles some strange words.
The bolt of magma hits the howler monkey.
The howler monkey dies!
The bolt of magma hits you!
You die...

..'...................#..§§§§#...
..####................#..§§§§#...
.....#...###+#######..#......#...
.....#...#.........#5.#......####
.....#...#.........#..#####...
.....#...#.........#......'....
.....#...#.........#.(....#.(...
.....#...###'#######5.....#...%
.....#..........@..eH.....#...#.
.....#.....######§..§.....#
.#####.<...# #.........#
.#.........# ##...###+##
.#.........# #...# .#.........#
#...# .#........## #...#
.#........# #...# .#'####...#
#.###


You could see a sphinx, a deep elf mage and a crimson imp.

Vanquished Creatures
  A black mamba (Lair:1)
  2 komodo dragons (Lair:1)
  A troll (D:10)
  5 blink frogs (Lair:1)
  A hippogriff (D:7)
  Sigmund (D:2)
  A spriggan (D:7)
  6 wyverns
  7 yaks
  Menkaure (D:5)
  Edmund (D:5)
  An acid dragon (D:8)
  Duvessa (D:7)
  A water moccasin (D:10)
  2 porcupines (Lair:1)
  2 orc warriors
  7 ogres
  A black bear (D:9)
  2 sky beasts
  A phantom (D:7)
  8 wolves
  A crocodile (Lair:1)
  A centaur (D:6)
  A big kobold (D:10)
  8 bullfrogs
  2 gnoll sergeants
  Dowan (D:7)
  A killer bee (D:8)
  A scorpion (D:4)
  7 wights
  2 electric eels (D:8)
  5 howler monkeys
  A bullfrog zombie (D:10)
  6 crimson imps
  4 hounds
  A jelly (D:8)
  2 orc priests
  8 orc wizards
  An iguana (D:9)
  8 worker ants
  A hound skeleton (D:10)
  A howler monkey zombie (D:9)
  Robin (D:2)
  2 worker ant zombies
  11 gnolls
  7 adders
  3 shadow imps
  3 oozes
  An adder skeleton (D:4)
  4 worms
  2 dart slugs (D:1)
  3 leopard geckos
  16 orcs
  5 ball pythons
  4 giant cockroaches
  15 goblins
  16 hobgoblins
  6 jackals
  14 kobolds
  6 quokkas
  A ball python skeleton (D:4)
  10 bats
  3 frilled lizards
  A giant cockroach zombie (D:6)
  10 rats
260 creatures vanquished.

Vanquished Creatures (others)
  A howler monkey (D:10)
  9 plants
10 creatures vanquished.

Grand Total: 270 creatures vanquished

Notes
Turn   | Place    | Note
-------+----------+-------------------------------------------
     0 | D:1      | MisterFreud the Troll Monk began the quest for the Orb.
     0 | D:1      | Reached XP level 1. HP: 22/22 MP: 0/0
    71 | D:1      | Reached XP level 2. HP: 22/29 MP: 1/1
   210 | D:1      | Reached skill level 4 in Unarmed Combat
   269 | D:1      | Reached XP level 3. HP: 36/36 MP: 2/2
   779 | D:2      | Found an iron altar of Okawaru.
   785 | D:2      | Noticed Sigmund
   798 | D:2      | Killed Sigmund
   798 | D:2      | Reached skill level 6 in Unarmed Combat
   798 | D:2      | Reached XP level 4. HP: 43/44 MP: 3/3
   798 | D:2      | Reached XP level 5. HP: 49/50 MP: 4/4
   871 | D:2      | Noticed Robin
   914 | D:2      | Killed Robin
  1504 | D:2      | Reached XP level 6. HP: 58/59 MP: 5/5
  1789 | D:3      | You fall through a shaft for 2 floors!
  1789 | D:5      | Entered Level 5 of the Dungeon
  1883 | D:3      | Reached skill level 7 in Unarmed Combat
  2437 | D:3      | Found a sparkling altar of Nemelex Xobeh.
  2439 | D:3      | Found an opulent altar of Gozag.
  2567 | D:4      | Found a staircase to the Ecumenical Temple.
  2851 | D:5      | Noticed Edmund
  2863 | D:5      | Killed Edmund
  2864 | D:5      | Reached skill level 8 in Unarmed Combat
  2864 | D:5      | Reached XP level 7. HP: 36/66 MP: 6/6
  3409 | Temple   | Entered the Ecumenical Temple
  3421 | Temple   | Became a worshipper of Qazlal Stormbringer
  3421 | Temple   | Reached * piety under Qazlal
  3421 | Temple   | Reached ** piety under Qazlal
  3565 | D:5      | Found a basalt altar of Yredelemnul.
  3656 | D:5      | Noticed a moth of wrath
  3659 | D:5      | Found a bloodstained altar of Trog.
  3720 | D:5      | Noticed Menkaure
  3727 | D:5      | Killed Menkaure
  3844 | D:4      | Reached skill level 9 in Unarmed Combat
  4234 | D:6      | Reached XP level 8. HP: 70/74 MP: 7/7
  4284 | D:6      | Reached skill level 10 in Unarmed Combat
  4341 | D:6      | Reached skill level 1 in Invocations
  4686 | D:6      | Found an ancient bone altar of Kikubaaqudgha.
  4697 | D:6      | Identified Kikubaaqudgha's Grimoire of Evil
  4704 | D:6      | Found a deep blue altar of Sif Muna.
  4728 | D:6      | Found a radiant altar of Vehumet.
  4825 | D:6      | Reached *** piety under Qazlal
  4880 | D:7      | Noticed Duvessa
  4882 | D:7      | Noticed Dowan
  4883 | D:7      | Reached skill level 5 in Invocations
  4891 | D:7      | Killed Duvessa
  4896 | D:7      | Killed Dowan
  4922 | D:7      | Noticed a hippogriff
  4931 | D:7      | Killed a hippogriff
  4931 | D:7      | Reached XP level 9. HP: 53/80 MP: 12/12
  5329 | D:7      | Found a sacrificial altar of Ru.
  5385 | D:8      | Noticed Psyche
  5386 | D:8      | Noticed Psyche
  5386 | D:8      | Psyche changed into Psyche the worm
  5396 | D:8      | Killed Psyche the worm
  5850 | D:8      | Reached skill level 11 in Unarmed Combat
  5890 | D:8      | Found a staircase to the Lair.
  6673 | D:9      | Reached XP level 10. HP: 80/88 MP: 15/15
  6758 | D:9      | Reached **** piety under Qazlal
  6829 | D:8      | Reached skill level 12 in Unarmed Combat
  6918 | Lair:1   | Entered Level 1 of the Lair of Beasts
  6928 | Lair:1   | Reached skill level 1 in Evocations
  7175 | Lair:1   | Noticed a black mamba
  7183 | Lair:1   | Killed a black mamba
  7183 | Lair:1   | Reached skill level 5 in Evocations
  7462 | Lair:1   | Noticed an elephant
  7463 | Lair:1   | Noticed an elephant
  7463 | Lair:1   | Noticed an elephant
  7463 | Lair:1   | Noticed a spiny frog
  7466 | Lair:1   | Noticed an elephant
  7470 | Lair:1   | Noticed an elephant
  7627 | D:9      | Reached XP level 11. HP: 53/94 MP: 16/16
  7888 | D:10     | Entered Level 10 of the Dungeon
  8029 | D:10     | Reached ***** piety under Qazlal
  8308 | D:10     | Found a staircase to the Orcish Mines.
  8418 | D:10     | Noticed a sphinx
  8544 | D:10     | Noticed a deep elf mage
  8566 | D:10     | Killed from afar by a deep elf mage

Vault maps used:
D:1:      lemuel_arrival_tunnels, minivault_24
D:2:      okawaru_ov_weapons_minmay, first_ration, minmay_misc_feat_five,
          glass_columns_a, uniq_robin, uniq_sigmund
D:3:      grunt_temple_overflow_opulence
D:4:      minmay_temple_entry_from_below_a
D:5:      cheibrodos_iron_armory, yredelemnul_altar_generic, tgw_trog,
          minmay_parallelograms, uniq_menkaure, uniq_edmund
D:6:      palyth_temple_overflow_mages
D:7:      nicolae_overflow_hidden_temple, the_bakery, kennysheep_generic_room_2,
          uniq_duvessa
D:8:      erik_lair_dragon, serial_bayou, serial_bayou_pond_c,
          serial_bayou_ford_a, serial_bayou_shore_b, serial_bayou_lagoon_a,
          uniq_psyche
D:10:     orc_0_dummy, minmay_liquid_box, jmf_multi_god_temple
Temple:   cyrus_circular_temple

Skill      XL: |  1  2  3  4  5  6  7  8  9 10 11 |
---------------+----------------------------------+-----
Unarmed Combat | 4 6 8 9 10 11 12 | 12.4
Invocations    | 6 8 |  8.0
Evocations     | 6 |  6.0
Dodging        | 3 4 |  4.8
Fighting       | |  2.4
Stealth        | |  1.0

Action                   |  1- 3 |  4- 6 |  7- 9 | 10-12 || total
-------------------------+-------+-------+-------+-------++-------
Melee: Unarmed           |    79 |   148 |   263 |   237 ||   727
       Punch             |     1 |     4 |    13 |    12 ||    30
Evoke: Wand              |       |       |     4 |     4 ||     8
  Use: Scroll            |     1 |     1 |     5 |     6 ||    13
       Potion            |       |       |       |     5 ||     5
 Stab: Sleeping          |     4 |     6 |       |       ||    10
  Eat: Chunk             |    12 |    14 |    37 |    17 ||    80
       Ration            |       |       |     1 |       ||     1
Armor: Robe              |    26 |    41 |    52 |     9 ||   128
       Acid dragon scale |       |       |       |    94 ||    94
Dodge: Dodged            |    51 |    69 |    98 |   139 ||   357
Block: Other             |       |       |    22 |    69 ||    91

Table legend:
 A = Non-vault XP
 B = Vault XP
 C = Vault XP percentage of total XP
 D = Non-vault monster count
 E = Vault monster count
 F = Vault count percentage of total count
                 A         B        C        D         E       F
            +---------+---------+-------+---------+---------+-------
      Total |   11797 |    2132 |  15.3 |     225 |      36 |  13.8
            +---------+---------+-------+---------+---------+-------
        D:1 |      56 |       0 |   0.0 |      32 |       0 |   0.0
        D:2 |      47 |     277 |  85.5 |      19 |      14 |  42.4
        D:3 |      87 |       0 |   0.0 |      22 |       0 |   0.0
        D:4 |     198 |       0 |   0.0 |      12 |       0 |   0.0
        D:5 |     158 |     350 |  68.9 |      10 |       7 |  41.2
        D:6 |     961 |     194 |  16.8 |      22 |       5 |  18.5
        D:7 |     758 |     449 |  37.2 |       8 |       4 |  33.3
        D:8 |    1882 |     772 |  29.1 |      28 |       5 |  15.2
        D:9 |    1232 |       0 |   0.0 |      14 |       0 |   0.0
       D:10 |    2647 |      90 |   3.3 |      40 |       1 |   2.4
     Lair:1 |    3771 |       0 |   0.0 |      18 |       0 |   0.0
            +---------+---------+-------+---------+---------+-------
